 Dungeon Crawl Stone Soup version 0.25.1-1-g288607f5aa (webtiles) character file.

Game seed: 11278918081341713285

2212 DildoBatman the Conjurer (level 9, 0/64 HPs)
             Began as a Formicid Wizard on July 19, 2020.
             Was a Priest of Kikubaaqudgha.
             Slain by an ice beast (6 damage)
             ... on level 7 of the Dungeon on July 20, 2020.
             The game lasted 00:34:13 (10103 turns).

DildoBatman the Conjurer (Formicid Wizard)         Turns: 10103, Time: 00:34:13

Health: 0/64       AC:  3    Str: 13    XL:     9   Next: 61%
Magic:  13/13      EV: 13    Int: 20    God:    Kikubaaqudgha [***...]
Gold:   1139       SH:  0    Dex:  9    Spells: 4/14 levels left

rFire    . . .     SeeInvis +   b - +2 spear (vorpal)
rCold    . . .     Gourm    .   (no shield)
rNeg     . . .     Faith    .   n - +0 robe
rPois    .         Spirit   .   (helmet unavailable)
rElec    .         Reflect  .   y - +0 cloak
rCorr    .         Harm     .   (no gloves)
MR       .....                  (no boots)
Stlth    ++........             (no amulet)
HPRegen  0.20/turn              (no ring)
MPRegen  0.13/turn              (no ring)

@: no status effects
A: permanent stasis, dig shafts and tunnels, four strong arms, antennae 3
a: Dig, Shaft Self, Receive Corpses, Renounce Religion


You were on level 7 of the Dungeon.
You worshipped Kikubaaqudgha.
Kikubaaqudgha was most pleased with you.
You were hungry.

You visited 2 branches of the dungeon, and saw 8 of its levels.
You also visited: Ossuary.

You collected 1139 gold pieces.

Inventory:

Hand Weapons
 a - a +3 dagger
 b - a +2 vorpal spear (weapon)
 c - a +0 hunting sling
 d - a +0 dagger of venom
 e - a +1 vampiric trident
 f - a +4 quarterstaff of chaos
Missiles
 g - 32 sling bullets
 i - 24 poisoned darts
 j - 236 stones (quivered)
 p - 3 throwing nets
 u - 42 bolts
 A - 177 arrows
Armour
 h - a +0 kite shield
 n - a +0 robe (worn)
 q - a scarf of resistance
 y - a +0 cloak (worn)
 B - a +0 buckler
Wands
 w - a wand of digging (4)
Scrolls
 m - 2 scrolls of immolation {unknown}
 r - 2 scrolls of teleportation {unknown}
 s - 2 scrolls of fear {unknown}
 t - 2 scrolls of enchant weapon {unknown}
 x - 3 scrolls of remove curse
 z - 4 scrolls of identify
 C - a scroll of enchant armour {unknown}
 E - a scroll of magic mapping {unknown}
 G - 3 scrolls of amnesia {unknown}
 H - a scroll of acquirement {unknown}
Potions
 k - 8 potions of curing
 l - a potion of cancellation
 o - 2 potions of stabbing {unknown}
 D - a potion of heal wounds {unknown}
 F - a potion of degeneration {unknown}
 I - a potion of flight {unknown}
 K - a potion of haste {unknown}
Comestibles
 v - 12 rations
 J - 2 chunks of flesh


   Skills:
 * Level 3.3 Fighting
 * Level 3.4 Armour
 * Level 3.4 Dodging
 - Level 2.4 Stealth
 - Level 2.5 Shields
 - Level 3.2 Spellcasting
 - Level 6.0 Conjurations
   Level 1.0 Summonings
   Level 0.8 Translocations
 - Level 5.0 Fire Magic
 - Level 5.0 Air Magic


You had 4 spell levels left.
You knew the following spells:

 Your Spells              Type           Power        Failure   Level  Hunger
a - Conjure Flame         Conj/Fire      ####....     4%          3    ###....
c - Magic Dart            Conj           ####         1%          1    None
d - Vampiric Draining     Necr           #.........   38%         3    ###....
e - Mephitic Cloud        Conj/Pois/Air  ###.....     10%         3    ###....

Your spell library contained the following spells:

 Spells                   Type           Power        Failure   Level  Hunger
 Corpse Rot               Necr/Air       N/A          8%          2    ##.....
 Animate Skeleton         Necr           N/A          14%         1    None
 Pain                     Necr           #...         14%         1    None
 Call Imp                 Summ           #.......     14%         2    ##.....
 Slow                     Hex            #.......     22%         2    ##.....
 Sublimation of Blood     Necr           #.........   22%         2    ##.....
 Animate Dead             Necr           N/A          80%         4    ####...
 Dispel Undead            Necr           #.......     80%         4    ####...
 Agony                    Necr           #.......     98%         5    ######.
 Excruciating Wounds      Chrm/Necr      #.........   98%         5    ######.
 Death Channel            Necr           #.........   100%        6    #######
 Simulacrum               Ice/Necr       #.........   100%        6    #######
 Blink                    Tloc           Unusable     N/A         2    N/A

Dungeon Overview and Level Annotations

Branches:
Dungeon (7/15)             Temple (1/1) D:4         Ossuary (visited)

Altars:
Ashenzari
Cheibriados
Dithmenos
Elyvilon
Fedhas
Gozag
Hepliaklqana
Kikubaaqudgha
Makhleb
Nemelex Xobeh
Okawaru
Qazlal
Ru
Sif Muna
Trog
Uskayaw
Wu Jian
Xom
Yredelemnul
Zin
The Shining One

Annotations:
D:2 exclusion: angel
D:3 exclusion: ice beast
D:4 exclusions: ancestor, shadow and 1 more exclusion
D:5 2 transporters, 1 runed translucent door, exclusion: angel, Kniotic's ghost, amateur DsMo
D:7 Prince Ribbit


Innate Abilities, Weirdness & Mutations

You cannot be hasted, slowed, berserked, paralysed or teleported.
You can dig through walls and to a lower floor.
Your four strong arms can wield two-handed weapons with a shield.
You have a pair of large antennae on your head. (SInv)


Message History

What are your orders? t - Shout!
Orders for allies: a - Attack new target. r - Retreat! s - Stop attacking. g - Guard the area. f - Follow me.
Anything else - Cancel.
You shout for attention!
You are feeling hungry.
The ice beast completely misses you. What are your orders? t - Shout!
Orders for allies: a - Attack new target. r - Retreat! s - Stop attacking. g - Guard the area. f - Follow me.
Anything else - Cancel.
You shout for attention!
The ice beast hits you. The ice beast freezes you.
You die...
Kikubaaqudgha rasps: "You have failed me!
Welcome... death!"

......
.#######รท........#
##....
#.................#
....
#.................#
#.........######..#
##.........######..#
...........#.......#
##.........#.#####.#
#..........#.# #.#
#..@..F....#.# #..
#..Y.......#.# #..
#..........#.# #..
#.####.###.#.#####.#
#. #...# #.#?....#.#
#.#..... #.#####.#.#
# #........# #.#..
#....F.### ###.##.
#......# #......


You could see Prince Ribbit and an ice beast.

Vanquished Creatures
  A hippogriff (D:7)
  Sigmund (D:1)
  2 orc warriors (D:6)
  A sky beast (D:7)
  3 ogres
  2 centaurs (D:6)
  A bullfrog (D:6)
  A gnoll sergeant (D:5)
  A scorpion (D:7)
  A howler monkey (D:6)
  A bullfrog zombie (D:6)
  A crimson imp (D:4)
  Crazy Yiuf (D:2)
  3 orc priests
  2 jellies
  A bullfrog skeleton (D:4)
  A centaur skeleton (D:7)
  2 iguanas (D:6)
  3 orc wizards
  11 worker ants
  8 mummies (Ossuary)
  5 gnolls (D:5)
  10 adders
  An ooze (D:4)
  2 adder zombies
  2 adder skeletons
  3 worms
  4 dart slugs
  10 leopard geckos
  22 orcs
  5 giant cockroaches
  6 goblins
  4 hobgoblins
  6 jackals
  4 quokkas
  A ball python (D:1)
  6 bats
  7 frilled lizards
  3 gnoll zombies (Ossuary)
  2 hobgoblin zombies (Ossuary)
  12 kobolds
  2 kobold zombies (Ossuary)
  A leopard gecko zombie (D:6)
  An orc zombie (Ossuary)
  6 rats
173 creatures vanquished.

Notes
Turn   | Place    | Note
-------+----------+-------------------------------------------
     0 | D:1      | DildoBatman the Formicid Wizard began the quest for the
                  | Orb.
     0 | D:1      | Reached XP level 1. HP: 13/13 MP: 4/4
   262 | D:1      | Reached skill level 1 in Conjurations
   576 | D:1      | Reached XP level 2. HP: 17/19 MP: 1/6
   803 | D:1      | Reached skill level 2 in Conjurations
  1545 | D:2      | Reached XP level 3. HP: 23/24 MP: 1/7
  1550 | D:2      | Learned a level 3 spell: Conjure Flame
  1554 | D:2      | Learned a level 3 spell: Mephitic Cloud
  1729 | D:2      | Reached skill level 3 in Conjurations
  2011 | D:2      | Found a runed translucent door.
  2012 | D:2      | Noticed Crazy Yiuf
  2197 | D:2      | Reached XP level 4. HP: 30/30 MP: 6/8
  2302 | D:2      | Noticed Sigmund
  2572 | D:2      | Found a glowing silver altar of Zin.
  2572 | D:2      | Noticed an angel
  2578 | D:2      | Found a snail-covered altar of Cheibriados.
  3351 | D:3      | Reached skill level 4 in Conjurations
  3351 | D:3      | Reached XP level 5. HP: 21/35 MP: 0/9
  3985 | D:4      | Reached XP level 6. HP: 41/41 MP: 6/10
  3991 | D:4      | Found a staircase to the Ecumenical Temple.
  4001 | Temple   | Entered the Ecumenical Temple
  4008 | Temple   | Became a worshipper of Kikubaaqudgha
  4088 | D:4      | Reached skill level 5 in Conjurations
  4498 | D:4      | Found a shattered altar of Ashenzari.
  4972 | D:2      | Reached skill level 1 in Fire Magic
  5298 | D:2      | Killed Crazy Yiuf
  5448 | D:1      | Killed Sigmund
  5448 | D:1      | Reached skill level 1 in Air Magic
  5448 | D:1      | Reached XP level 7. HP: 46/46 MP: 3/11
  5512 | D:4      | Found a shadowy altar of Dithmenos.
  5512 | D:4      | Noticed a shadow
  5514 | D:4      | Found a hazy altar of Hepliaklqana.
  5773 | D:4      | Reached skill level 6 in Conjurations
  6022 | D:4      | Reached * piety under Kikubaaqudgha
  6022 | D:4      | Identified Kikubaaqudgha's Reference Book on Dark Magic
                  | (Kikubaaqudgha gifted it to you on level 4 of the Dungeon)
  6022 | D:4      | Received a gift from Kikubaaqudgha
  6028 | D:4      | Learned a level 3 spell: Vampiric Draining
  6216 | D:5      | Entered Level 5 of the Dungeon
  6216 | D:5      | Found a sparkling altar of Nemelex Xobeh.
  6369 | D:5      | Found a transporter.
  6387 | D:4      | Reached XP level 8. HP: 39/52 MP: 5/12
  7025 | D:5      | Found a runed translucent door.
  7026 | D:5      | Noticed an angel
  7038 | D:5      | Found a glowing silver altar of Zin.
  7150 | D:5      | Found a transporter.
  7150 | D:5      | Noticed Kniotic's ghost (amateur DsMo)
  7456 | D:5      | Found an opulent altar of Gozag.
  7459 | D:5      | Found a blossoming altar of Fedhas.
  7462 | D:5      | Found a shimmering blue altar of Sif Muna.
  7512 | D:6      | Reached ** piety under Kikubaaqudgha
  7543 | D:6      | Found a sand-covered staircase.
  7562 | D:6      | Found an ornate altar of the Wu Jian Council.
  7719 | D:6      | Reached skill level 1 in Shields
  7768 | D:6      | Found a hide-covered altar of Uskayaw.
  7875 | Ossuary  | Entered an ossuary
  8424 | D:6      | Reached skill level 5 in Fire Magic
  8589 | D:6      | Reached XP level 9. HP: 26/57 MP: 8/13
  8666 | D:6      | Reached skill level 5 in Air Magic
  8697 | D:6      | Reached skill level 1 in Fighting
  8697 | D:6      | Reached skill level 1 in Armour
  9729 | D:7      | Noticed a hippogriff
  9743 | D:7      | Killed a hippogriff
 10044 | D:7      | Reached *** piety under Kikubaaqudgha
 10044 | D:7      | Identified Kikubaaqudgha's Incunabulum of Black Secrets
                  | (Kikubaaqudgha gifted it to you on level 7 of the Dungeon)
 10044 | D:7      | Received a gift from Kikubaaqudgha
 10081 | D:7      | Noticed Prince Ribbit
 10103 | D:7      | Slain by an ice beast

Illustrated notes

Levels and vault maps discovered:
D:1:      nagdon_arrival_zigzag_paths, layout_basic
D:2:      layout_basic, zin_angel, overflow_temple_1_default, first_ration,
          guppyfry_early_orc_mine, uniq_crazy_yiuf_cottage, uniq_sigmund
D:3:      layout_loops_ring
D:4:      minmay_polygon_palace, layout_loops_ring,
          riverfiend_overflow_shadow_ancestor,
          minmay_temple_entry_drinking_statues, cheibrodos_ashenzari_chains
D:5:      layout_rooms, nemelex_xobeh_ov_fountains_minmay,
          grunt_temple_overflow_diamond, gammafunk_ghost_mausoleum,
          lemuel_angel_altar
D:6:      minmay_chambers_of_fours, layout_basic, kennysheep_mini, basic_altar,
          nicolae_ossuary_entry_ruins
D:7:      layout_basic, vehumet_altar_wand_db, uniq_prince_ribbit1
Temple:   nicolae_temple_no_exploring_needed

Skill      XL: |  1  2  3  4  5  6  7  8  9 |
---------------+----------------------------+-----
Conjurations   | 1 2 3 4 5 6 |  6.0
Fire Magic     | 2 3 5 |  5.0
Air Magic      | 1 2 4 5 |  5.0
Shields        | 2 |  2.5
Fighting       | 3 |  3.3
Armour         | 3 |  3.4
Dodging        | 3 |  3.4
Stealth        | |  2.4
Spellcasting   | |  3.2
Summonings     | |  1.0
Translocations | |  0.8

Action                   |  1- 3 |  4- 6 |  7- 9 || total
-------------------------+-------+-------+-------++-------
Melee: Club              |    12 |     1 |       ||    13
       Mace              |       |    16 |       ||    16
       Dagger            |       |    44 |   103 ||   147
       Spear             |       |       |    49 ||    49
 Fire: Hunting sling     |       |    47 |    78 ||   125
 Cast: Magic Dart        |    66 |   106 |   166 ||   338
       Mephitic Cloud    |       |     9 |    33 ||    42
       Conjure Flame     |       |     3 |    17 ||    20
 Abil: Dig               |       |     8 |    16 ||    24
  Use: Scroll            |       |     4 |     2 ||     6
       Potion            |       |       |     1 ||     1
 Stab: Confused          |       |     4 |     8 ||    12
       Sleeping          |       |       |     1 ||     1
  Eat: Chunk             |     3 |    12 |    21 ||    36
Armor: Robe              |     3 |    12 |    23 ||    38
Dodge: Dodged            |    20 |    55 |   115 ||   190
